 Dungeon Crawl Stone Soup version 0.31.0-1-g2c135a0 (webtiles) character file.

Game seed: 12801916651300403685

212 Think the Ducker (level 5, -5/36 HPs)
             Began as an Octopode Fighter on Feb 27, 2024.
             Killed by divine providence
             ... invoked by an orc priest
              (11 damage)
             ... on level 3 of the Dungeon.
             The game lasted 00:04:55 (2272 turns).

Think the Ducker (Octopode Fighter)                 Turns: 2272, Time: 00:04:55

Health: -5/36      AC:  1    Str: 21    XL:     5   Next: 90%
Magic:  0/5        EV: 15    Int: 10    God:
Gold:   184        SH:  5    Dex: 14    Spells: 4/4 levels left

rFire   . . .        a - +0 long sword (freeze)
rCold   . . .        b - +0 buckler
rNeg    . . .        (helmet restricted)
rPois   .            k - amulet of guardian spirit
rElec   .            q - ring of resist corrosion
rCorr   +            t - +6 ring of strength
SInv    .            (no ring)
Will    .....        (no ring)
Stlth   ++           (no ring)
HPRegen 0.26/turn    (no ring)
MPRegen 0.09/turn    (no ring)
                     (no ring)

%: guardian spirit
@: no status effects
A: almost no armour, amphibious, 8 rings, camouflage 1, gelatinous body 1,
(nimble swimmer 1), tentacles
a: no special abilities


You were on level 3 of the Dungeon.
You visited 1 branch of the dungeon, and saw 4 of its levels.

You collected 184 gold pieces.

Inventory:

Hand Weapons
 a - a +0 long sword of freezing (weapon)
 h - a +2 vampiric dagger
Missiles
 m - 2 throwing nets (quivered)
Armour
 b - a +0 buckler (worn)
Jewellery
 k - an amulet of guardian spirit (around mantle)
 p - an amulet of magic regeneration
 q - a ring of resist corrosion (left tentacle)
 t - a +6 ring of strength (right tentacle)
Talismans
 l - a beast talisman
Scrolls
 d - 5 scrolls of identify
 g - 2 scrolls of teleportation
 i - 2 scrolls of brand weapon
 j - a scroll of blinking
 r - a scroll of noise {unknown}
Potions
 c - a potion of might
 e - a potion of enlightenment
 f - 2 potions of invisibility
 n - a potion of lignification
 o - a potion of brilliance
 s - a potion of attraction {unknown}


   Skills:
 - Level 3.0 Fighting
 - Level 2.0 Long Blades
 + Level 6.4 Dodging
 - Level 3.0 Shields


You had 4 spell levels left.
You didn't know any spells.
Your spell library was empty.

Dungeon Overview and Level Annotations

Branches:
Dungeon (4/15)
 Temple: D:4-7

Altars:


Innate Abilities, Weirdness & Mutations

You cannot wear most types of armour.
You are amphibious.
You can wear up to eight rings at the same time.
Your skin changes colour to match your surroundings (Stealth+).
Your rubbery body absorbs attacks. (AC +1, EV +1)
((You are camouflaged when in or above water. (Stealth+)))
You have tentacles for arms and can constrict up to eight enemies at once.


Message History

The orc barely misses you.
The orc priest calls down the wrath of Beogh upon you.
Beogh smites you! The hobgoblin hits you. The orc hits you with a +0 club.
The orc priest calls down the wrath of Beogh upon you.
Beogh smites you!
* * * LOW HITPOINT WARNING * * *
The hobgoblin closely misses you.
You are too injured to fight recklessly!
You are too injured to fight recklessly!
You are too injured to fight recklessly!
You are too injured to fight recklessly!
You are too injured to fight recklessly!
You are too injured to fight recklessly!
You are too injured to fight recklessly!
You are too injured to fight recklessly!
You are too injured to fight recklessly!
You are too injured to fight recklessly!
You are too injured to fight recklessly!
You are too injured to fight recklessly!
You barely miss the orc. You grab the orc. You constrict the orc.
The orc closely misses you.
The orc priest calls upon Beogh to heal the orc.
The orc's wounds heal themselves!
You slash the orc! You freeze the orc.
You kill the orc!
Okay, then.
You block the orc priest's attack.
Things that are here:
a +0 club; a +0 chain mail; an orc corpse You hit the orc priest but do no damage.
Your grab misses the orc priest. You squeeze the orc priest.
The orc priest is severely wounded.
The orc priest closely misses you. The orc priest hits you with a +0 whip.
* * * LOW HITPOINT WARNING * * *
You hit the orc priest. You freeze the orc priest.
Your grab misses the orc priest.
The orc priest is almost dead.
The orc priest mumbles some strange prayers to Beogh against you.
Beogh smites you!
You die...

<#.......## ##...###.#
.#.#####..## #..#.#
.#.#####^..###.#...#
............#.##..##
..................#
..............###.###
.###...######.......
.#.......########.#
.#..............@o####..##
...).....#########o.......
.###...### #.).##..#. .#
#...# ....... .# #####
#.#...##.. .# #.##.#. .#
.# # ..#.# # .# ###.# .#
..


You could see an orc priest and an orc.

Vanquished Creatures
  3 orc wizards (D:3)
  An adder (D:3)
  3 gnolls (D:2)
  3 dart slugs
  A ribbon worm (D:2)
  9 orcs (D:3)
  7 ball pythons
  4 endoplasms
  3 giant cockroaches
  8 goblins
  5 hobgoblins
  9 jackals
  2 quokkas
  8 bats
  5 frilled lizards
  2 kobolds
  7 rats
80 creatures vanquished.

Notes
Turn   | Place    | Note
-------+----------+-------------------------------------------
     0 | D:1      | Think the Octopode Fighter began the quest for the Orb.
     0 | D:1      | Reached XP level 1. HP: 16/16 MP: 1/1
    77 | D:1      | Reached XP level 2. HP: 6/21 MP: 2/2
   551 | D:1      | Reached skill level 4 in Dodging
   560 | D:1      | Reached XP level 3. HP: 15/26 MP: 3/3
  1054 | D:2      | Identified the +5 spear of the Well-Known Heavens {freeze,
                  | rF+}
  1288 | D:2      | Reached XP level 4. HP: 18/31 MP: 2/4
  1291 | D:2      | Reached skill level 5 in Dodging
  1910 | D:3      | Reached XP level 5. HP: 31/36 MP: 2/5
  1994 | D:3      | Reached skill level 6 in Dodging
  2272 | D:3      | Killed from afar by an orc priest

Illustrated notes

Levels and vault maps discovered:
D:1:      giann_horns, layout_basic
D:2:      layout_loops_cross, minmay_joined_circles
D:3:      layout_loops_ring
D:4:      layout_cave_pools, lemuel_tele_altar, nicolae_overflow_hidden_temple,
          grunt_ministairs_8

Skill      XL: |  1  2  3  4  5 |
---------------+----------------+-----
Dodging        | 4 5 6 |  6.4
Fighting       | |  3.0
Long Blades    | |  2.0
Shields        | |  3.0

Action                     |  1- 3 |  4- 6 || total
---------------------------+-------+-------++-------
  Melee: Long sword        |    50 |    41 ||    91
         Constrict         |    21 |    23 ||    44
         Tentacles         |    13 |    20 ||    33
         Punch             |     3 |       ||     3
         Dagger            |    27 |    49 ||    76
    Use: Scroll            |       |     7 ||     7
   Stab: Sleeping          |     8 |     3 ||    11
 Armour: Skin              |    40 |    40 ||    80
  Dodge: Dodged            |    64 |    64 ||   128
  Block: Buckler           |    13 |    24 ||    37
